[Event "Team 45 45 League T34"]
[Site "Internet Chess Club"]
[Date "2007.07.30"]
[Round "2"]
[White "Qualm"]
[Black "Zornorph"]
[Result "0-1"]
[WhiteElo "1785"]
[BlackElo "1975"]
[Opening "Philidor: Improved Hanham variation"]
[ECO "C41"]
[Time "16:01:33"]
[TimeControl "2700+45"]

1. e4 e5 2. Nf3 d6 3. d4 Nf6 4. Nc3 Nbd7 5. Bc4 Be7 6. Qd3 O-O 7. Bg5 c6 8.
O-O-O b5 9. Bb3 a5 10. Bxf6 Bxf6 11. a4 exd4 12. Nxd4 Nc5 13. Qe2 Nxb3+ 14. cxb3
Qb6 15. Qd3 bxa4 16. Nxa4 Qb7 17. Nf5 Bxf5 18. exf5 Rfd8 19. f4 Rab8 20. Kc2 Qa7
21. Rhe1 h6 22. Re3 Rb4 23. Re4 Rb5 24. g4 d5 25. Re3 Rdb8 26. Qe2 Rb4 27. g5
hxg5 28. fxg5 Bxg5 29. Re8+ Rxe8 30. Qxe8+ Kh7 31. Qe2 Rh4 32. Rf1 Bf6 33. Rf2
Qd4 34. Nc3 Qc5 35. Kb1 Bxc3 36. bxc3 Qxc3 37. Rf3 Qb4 38. Qe8 Rxh2 39. Qxc6
Qe4+ {White resigns} 0-1

[Event "Team 45 45 League T34"]
[Site "Internet Chess Club"]
[Date "2007.07.28"]
[Round "2"]
[White "kabindra"]
[Black "FiendAngelical"]
[Result "0-1"]
[WhiteElo "1819"]
[BlackElo "1816"]
[Opening "Sicilian: Smith-Morra gambit"]
[ECO "B21"]
[Time "16:01:22"]
[TimeControl "2700+45"]

1. e4 c5 2. d4 cxd4 3. c3 dxc3 4. Nxc3 Nc6 5. Nf3 d6 6. Bc4 e6 7. O-O Be7 8. Qe2
Nf6 9. Rd1 e5 10. Bb5 Bg4 11. Nd5 O-O 12. Nxe7+ Qxe7 13. Bxc6 bxc6 14. b3 Rfe8
15. Ba3 Rad8 16. Qe3 Bxf3 17. Qxf3 Qe6 18. Rac1 d5 19. exd5 cxd5 20. Rc7 Rd7 21.
Rdc1 e4 22. Qg3 Rxc7 23. Rxc7 a6 24. Qc3 e3 25. fxe3 Qxe3+ 26. Qxe3 Rxe3 27. Kf1
h5 28. Rc8+ Re8 29. Rxe8+ Nxe8 30. Ke2 f5 31. Kd3 Kf7 32. Kd4 Ke6 33. Kc5 Nc7
34. Kc6 Nb5 35. Bb2 d4 36. a4 d3 37. Bc1 Nd4+ 38. Kb6 Nxb3 39. Bf4 d2 40. Bxd2
Nxd2 41. Kxa6 Nc4 42. Kb5 Kd5 43. Kb4 g5 44. Kc3 f4 45. h3 g4 46. hxg4 hxg4 47.
Kd3 Nb2+ 48. Ke2 Nxa4 49. Kf2 Ke4 50. Kg1 Nc3 51. Kf2 f3 52. g3 Nd1+ 53. Kf1 Ke3
54. Ke1 f2+ 55. Kf1 Nc3 56. Kg2 Ke2 57. Kh2 Kf3 {White resigns} 0-1

[Event "Team 45 45 League T34"]
[Site "Internet Chess Club"]
[Date "2007.08.04"]
[Round "2"]
[White "NJKnight"]
[Black "jaybird"]
[Result "1/2-1/2"]
[WhiteElo "1565"]
[BlackElo "1636"]
[Opening "QGD Slav defense: exchange variation"]
[ECO "D13"]
[Time "10:08:20"]
[TimeControl "2700+45"]

1. d4 d5 2. c4 c6 3. cxd5 cxd5 4. Nc3 Nf6 5. Nf3 e6 6. Bg5 Be7 7. e3 Nbd7 8. Bd3
h6 9. Bh4 g5 10. Bg3 Nh5 11. Be5 Nxe5 12. Nxe5 Nf6 13. Qa4+ Nd7 14. Bb5 a6 15.
O-O Rb8 16. Bxd7+ Bxd7 17. Qd1 O-O 18. Qh5 Kg7 19. h4 Be8 20. hxg5 hxg5 21. Qg4
f5 22. Qg3 Rh8 23. Ne2 g4 24. Nf4 Bf7 25. Neg6 Bh4 26. Nxh4 Qxh4 27. Qxh4 Rxh4
28. Rfc1 Kf6 29. Kf1 Rh1+ 30. Ke2 Rxc1 31. Rxc1 Be8 32. Rc7 Bc6 33. Rh7 Re8 34.
Rh6+ Kf7 35. Kd2 {Game drawn by mutual agreement} 1/2-1/2

[Event "Team 45 45 League T34"]
[Site "Internet Chess Club"]
[Date "2007.07.29"]
[Round "2"]
[White "b-spot"]
[Black "hidude"]
[Result "1-0"]
[WhiteElo "1607"]
[BlackElo "1505"]
[Opening "Nimzo-Indian: classical, Milner-Barry (Zurich) variation"]
[ECO "E33"]
[Time "13:02:30"]
[TimeControl "2700+45"]

1. d4 Nf6 2. c4 e6 3. Nc3 Bb4 4. Qc2 Nc6 5. Nf3 d6 6. Bd2 O-O 7. a3 Bxc3 8. Bxc3
Qe7 9. e4 e5 10. d5 Nb8 11. Be2 Nh5 12. Nxe5 Nf6 13. Nf3 Nxe4 14. O-O Nxc3 15.
Qxc3 Bg4 16. Rfe1 a5 17. Bf1 Qd7 18. Nd4 a4 19. Qg3 Qc8 20. Re4 Bd7 21. Rae1 Na6
22. b4 axb3 23. Nxb3 Ba4 24. Nd4 Nc5 25. Rg4 Kh8 26. Rxg7 Rg8 27. Rxg8+ Qxg8 28.
Qxg8+ Rxg8 29. Re7 Bb3 30. Rxc7 Rg4 31. Nf5 h5 32. Nxd6 b6 33. Nxf7+ Kh7 34.
Ne5+ Rg7 35. Rxg7+ Kxg7 36. f4 Kf6 37. Kf2 Kf5 38. Ke3 Ba2 39. h4 Na4 40. Be2
Bb3 41. Bxh5 b5 42. g4+ Kf6 43. g5+ {Black resigns} 1-0

[Event "Team 45 45 League T34"]
[Site "Internet Chess Club"]
[Date "2007.07.28"]
[Round "2"]
[White "VanillaQueen"]
[Black "alastorx"]
[Result "0-1"]
[WhiteElo "1834"]
[BlackElo "1842"]
[Opening "Colle system"]
[ECO "D05"]
[Time "00:55:27"]
[TimeControl "2700+45"]

1. d4 e6 2. Nf3 d5 3. e3 Nf6 4. Bd3 c5 5. c3 Nbd7 6. Nbd2 Qc7 7. O-O Be7 8. e4
dxe4 9. Nxe4 Nxe4 10. Bxe4 Nf6 11. Bc2 O-O 12. Bg5 Rd8 13. Qe2 h6 14. Bxf6 Bxf6
15. Qe4 b6 16. Qh7+ Kf8 17. Be4 Rb8 18. h4 Qf4 19. g3 Qc7 20. dxc5 bxc5 21. Rab1
Ba6 22. Rfe1 Qa5 23. g4 Ke7 24. Bc2 Bb7 25. Ne5 Qxa2 26. Nxf7 Kxf7 27. Qg6+ Kf8
28. g5 hxg5 29. hxg5 Qd5 30. Re4 Qxg5+ 31. Qxg5 Bxg5 32. Rxe6 Rd2 33. Ba4 Bd5
34. Re5 Bf6 35. Rf5 Be4 36. Rh5 g6 37. Rh7 Bxb1 38. Bb3 {White resigns} 0-1

[Event "Team 45 45 League T34"]
[Site "Internet Chess Club"]
[Date "2007.07.26"]
[Round "2"]
[White "Egmont"]
[Black "Ingo"]
[Result "0-1"]
[WhiteElo "1731"]
[BlackElo "1757"]
[Opening "French: classical, Steinitz variation"]
[ECO "C14"]
[Time "12:01:30"]
[TimeControl "2700+45"]

1. e4 e6 2. d4 d5 3. Nc3 Nf6 4. Bg5 Be7 5. e5 Nfd7 6. Bxe7 Qxe7 7. f4 c5 8. Nb5
O-O 9. Nc7 cxd4 10. Nxa8 f6 11. Nc7 fxe5 12. Nb5 Nc6 13. Qd2 Nc5 14. Bd3 e4 15.
Bf1 e3 16. Qe2 Ne4 17. g3 Qb4+ 18. c3 dxc3 19. a3 cxb2+ {White resigns} 0-1

[Event "Team 45 45 League T34"]
[Site "Internet Chess Club"]
[Date "2007.07.25"]
[Round "2"]
[White "TigerLilly"]
[Black "chinta"]
[Result "1-0"]
[WhiteElo "1618"]
[BlackElo "1575"]
[Opening "Owen defense"]
[ECO "B00"]
[Time "15:02:37"]
[TimeControl "2700+45"]

1. e4 b6 2. d4 Bb7 3. Nd2 e6 4. Ngf3 Nf6 5. Bd3 Bb4 6. c3 Be7 7. O-O d6 8. Re1
Nbd7 9. Nf1 h6 10. Ng3 c5 11. Bd2 Rc8 12. Qe2 Qc7 13. Rad1 g5 14. Bb5 c4 15. d5
e5 16. Nf5 a6 17. Ba4 b5 18. Bc2 Bf8 19. Be3 Nc5 20. Bxc5 Qxc5 21. Nd2 Rc7 22.
Nf1 Bc8 23. N1g3 h5 24. Ne3 Ng4 25. Nxh5 Nxe3 26. fxe3 Bd7 27. Rf1 Kd8 28. Nf6
Bg7 29. Nxd7 Rxd7 30. a4 f6 31. Ra1 Ke7 32. axb5 axb5 33. Ra5 Ra7 34. Rfa1 Rha8
35. Rxa7+ Rxa7 36. Rf1 Ra8 37. Qf2 Rh8 38. Bd1 Rh4 39. Bf3 Qc8 40. Qg3 Qc5 41.
Bg4 b4 42. h3 Rh8 43. Qf2 Rb8 44. Qd2 bxc3 45. bxc3 Rb3 46. Qf2 Rxc3 47. Qf5
Qxe3+ 48. Kh1 Qa7 49. Qe6+ Kf8 50. Qc8+ Kf7 51. Bh5+ Ke7 52. Qe8# {Black
checkmated} 1-0

[Event "Team 45 45 League T34"]
[Site "Internet Chess Club"]
[Date "2007.07.28"]
[Round "2"]
[White "NFK"]
[Black "Lazerpawn"]
[Result "1-0"]
[WhiteElo "1770"]
[BlackElo "1673"]
[Opening "Petrov: modern attack, Symmetrical variation"]
[ECO "C43"]
[Time "13:06:37"]
[TimeControl "2700+45"]

1. e4 e5 2. Nf3 Nf6 3. d4 Nxe4 4. Bd3 d5 5. Nxe5 Nd7 6. Nxf7 Qf6 7. Bxe4 Qxf7 8.
Bf3 Nf6 9. O-O Be6 10. c4 O-O-O 11. c5 Bd7 12. Nc3 h6 13. b4 g5 14. b5 g4 15.
Be2 Bf5 16. Qa4 Kb8 17. c6 Bc8 18. b6 cxb6 19. Nb5 bxc6 20. Bf4+ Ka8 21. Nc7+
Kb8 22. Ne6+ Bd6 23. Nxd8 Rxd8 24. Bxd6+ Rxd6 25. Qb4 Ne4 26. f3 c5 27. dxc5
Nxc5 28. fxg4 Qe7 29. Bf3 Nd3 30. Qd4 Ba6 31. Qh8+ Rd8 32. Qxh6 Qc5+ 33. Kh1
Nf2+ 34. Rxf2 Qxf2 35. Qf4+ Kc8 36. Rc1+ Bc4 37. g5 Qc5 38. Bg4+ Kb7 39. Qf7+
Ka6 40. Be2 Rf8 41. Bxc4+ dxc4 42. Qe6 c3 43. h4 Rf2 44. g6 Qa3 45. Qc4+ b5 46.
Qc6+ Ka5 47. Qxc3+ Qxc3 48. Rxc3 b4 49. Rg3 Rf8 50. g7 Rg8 51. h5 Kb5 52. h6 a5
53. h7 Rxg7 54. Rxg7 a4 55. h8=Q b3 56. a3 {Black resigns} 1-0

[Event "Team 45 45 League T34"]
[Site "Internet Chess Club"]
[Date "2007.07.29"]
[Round "2"]
[White "Chess2Play"]
[Black "Izeelden"]
[Result "1-0"]
[WhiteElo "1665"]
[BlackElo "1750"]
[Opening "QGD Slav: Dutch variation"]
[ECO "D18"]
[Time "11:08:20"]
[TimeControl "2700+45"]

1. d4 d5 2. c4 c6 3. Nc3 Nf6 4. Nf3 dxc4 5. a4 Bf5 6. e3 e6 7. Bxc4 Bb4 8. Bd2
O-O 9. O-O Nbd7 10. Ne2 a5 11. Bxb4 axb4 12. Bd3 Bg4 13. Ng3 e5 14. dxe5 Nxe5
15. Be2 Qxd1 16. Rfxd1 Bxf3 17. gxf3 c5 18. f4 Nc6 19. Bf3 Na5 20. Ne4 Nxe4 21.
Bxe4 Rad8 22. Bf3 c4 23. Rxd8 Rxd8 24. Rd1 Rc8 25. Bg4 Rb8 26. Rd5 b6 27. Kf1 g6
28. Ke1 c3 29. bxc3 bxc3 30. Kd1 f5 31. Be2 Rc8 32. Kc2 Nc6 33. Rb5 Rb8 34. Kxc3
Na5 35. Kd4 Kf7 36. Bc4+ Ke7 37. Bd5 Kd6 38. f3 Kc7 39. e4 Rd8 40. Ke5 fxe4 41.
fxe4 Rd6 42. f5 gxf5 43. exf5 Rh6 44. f6 Rxh2 45. f7 Rf2 46. Ke6 h5 47. Ke7 Re2+
48. Kf6 Rf2+ 49. Kg7 Rg2+ 50. Bxg2 {Black resigns} 1-0

[Event "Team 45 45 League T34"]
[Site "Internet Chess Club"]
[Date "2007.07.28"]
[Round "2"]
[White "SATELLITE-DAN"]
[Black "TrickyBishop"]
[Result "1-0"]
[WhiteElo "1715"]
[BlackElo "1693"]
[Opening "Sicilian: Najdorf, 6...e6"]
[ECO "B95"]
[Time "14:57:31"]
[TimeControl "2700+45"]

1. e4 c5 2. Nf3 d6 3. d4 cxd4 4. Nxd4 Nf6 5. Nc3 a6 6. Bg5 e6 7. Qd2 Be7 8. Be2
O-O 9. O-O Bd7 10. a4 Nc6 11. Nb3 Rc8 12. Rfd1 Qc7 13. Bxf6 Bxf6 14. Qxd6 Qxd6
15. Rxd6 Rfd8 16. Rad1 Be8 17. Rxd8 Bxd8 18. Nc5 b5 19. axb5 axb5 20. Bxb5 Bb6
21. N3a4 Ba7 22. Nb7 Kf8 23. Nd6 Rd8 24. Nc3 Bd7 25. Nb7 {Black resigns} 1-0

[Event "Team 45 45 League T34"]
[Site "Internet Chess Club"]
[Date "2007.07.29"]
[Round "2"]
[White "nardz"]
[Black "vaibhav"]
[Result "0-1"]
[WhiteElo "2117"]
[BlackElo "2367"]
[Opening "Dutch defense"]
[ECO "A90"]
[Time "07:58:01"]
[TimeControl "2700+45"]

1. d4 f5 2. g3 e6 3. Bg2 Nf6 4. c4 d5 5. Nh3 dxc4 6. Qa4+ Qd7 7. Qxc4 Nc6 8. e3
Na5 9. Qc2 c6 10. a3 c5 11. dxc5 Nc6 12. b4 a5 13. b5 Ne5 14. c6 bxc6 15. bxc6
Qd3 16. Qxd3 Nxd3+ 17. Kd2 Nc5 18. Kc2 Ba6 19. Nd2 Bd3+ 20. Kc3 g6 21. Nf4 Nd5+
22. Kd4 Nxf4 23. exf4 O-O-O+ 24. Ke3 Bg7 25. Ra2 Bb5 26. Bf1 Bd4+ {White
resigns} 0-1

[Event "Team 45 45 League T34"]
[Site "Internet Chess Club"]
[Date "2007.07.29"]
[Round "2"]
[White "Allessia"]
[Black "cascarillo"]
[Result "1-0"]
[WhiteElo "2279"]
[BlackElo "2059"]
[Opening "Sicilian: closed, 6.Be3"]
[ECO "B26"]
[Time "04:05:02"]
[TimeControl "2700+45"]

1. e4 c5 2. Nc3 d6 3. g3 Nc6 4. Bg2 g6 5. d3 Bg7 6. Be3 e5 7. Qd2 Nge7 8. Nge2
Nd4 9. O-O O-O 10. f4 Be6 11. Nd1 Qd7 12. c3 Nxe2+ 13. Qxe2 Rac8 14. Nf2 f5 15.
Rae1 b5 16. a3 a5 17. fxe5 dxe5 18. exf5 gxf5 19. Bh6 Ng6 20. Bxg7 Qxg7 21. Nh3
Rcd8 22. Bc6 Qh6 23. Nf4 Nxf4 24. gxf4 e4 25. Bxb5 Bd5 26. dxe4 Bxe4 27. Qe3 Kh8
28. Rf2 Rg8+ 29. Kf1 a4 30. Bc4 Rg7 31. Rfe2 Qc6 32. Kf2 Rg2+ 33. Kf1 Rg6 34.
Kf2 Bd3 35. Qe5+ Rf6 36. Rd2 Qd7 37. Qxf6+ {Black resigns} 1-0

[Event "Team 45 45 League T34"]
[Site "Internet Chess Club"]
[Date "2007.07.30"]
[Round "2"]
[White "siddhu"]
[Black "Ozgur-Bjk"]
[Result "0-1"]
[WhiteElo "1774"]
[BlackElo "2173"]
[Opening "Sicilian: Alapin's variation (2.c3)"]
[ECO "B22"]
[Time "14:02:03"]
[TimeControl "2700+45"]

1. e4 c5 2. c3 Nf6 3. e5 Nd5 4. d4 cxd4 5. Nf3 e6 6. cxd4 Nc6 7. a3 d6 8. Bd3
dxe5 9. dxe5 Qc7 10. Qe2 Nxe5 11. O-O Nxf3+ 12. Qxf3 Bd6 13. h3 Bd7 14. Bd2 Bc6
15. Qe2 Nf4 16. Bxf4 Bxf4 17. Bb5 O-O 18. Bxc6 Qxc6 19. Nc3 Rfd8 20. Rfd1 a6 21.
g3 Bd6 22. Ne4 Be7 23. Rdc1 Qb6 24. Rc4 Rac8 25. Rac1 Rxc4 26. Rxc4 h6 27. Rc2
Qd4 28. Rc4 Qd7 29. Qc2 f5 30. Rc7 Qd1+ 31. Qxd1 Rxd1+ 32. Kg2 Bd8 33. Nc3 Bxc7
34. Nxd1 Kf7 35. Kf3 Kf6 36. Ke3 Bb6+ 37. Kd3 g5 38. f3 e5 39. g4 Bd4 40. b4 Kg6
41. Kc4 h5 42. Kd5 fxg4 43. fxg4 hxg4 44. hxg4 Kf6 45. a4 Ke7 46. b5 axb5 47.
axb5 b6 48. Ke4 Ke6 49. Kf3 Kd5 50. Ke2 Kc4 51. Ne3+ Bxe3 52. Kxe3 Kxb5 53. Ke4
Kc5 54. Kxe5 b5 55. Kf6 b4 56. Kxg5 b3 57. Kh6 b2 58. g5 b1=Q 59. g6 Qh1+ 60.
Kg7 Kd6 61. Kg8 Ke7 62. Kg7 Qg2 63. Kh7 Kf8 64. Kh8 Qh3# {White checkmated} 0-1

[Event "Team 45 45 League T34"]
[Site "Internet Chess Club"]
[Date "2007.07.29"]
[Round "2"]
[White "zoneblitz"]
[Black "makito"]
[Result "1-0"]
[WhiteElo "2074"]
[BlackElo "1782"]
[Opening "Petrov: classical attack, Tarrasch variation"]
[ECO "C42"]
[Time "13:28:23"]
[TimeControl "2700+45"]

1. e4 e5 2. Nf3 Nf6 3. Nxe5 d6 4. Nf3 Nxe4 5. d4 d5 6. Bd3 Bd6 7. O-O O-O 8. c4
Bg4 9. cxd5 Nf6 10. Qb3 Bxf3 11. gxf3 Nh5 12. Qxb7 Qh4 13. Re1 Qh3 14. Re5 Nd7
15. Bf1 Qxf3 16. Be2 Nxe5 17. Bxf3 Nxf3+ 18. Kh1 Nxd4 19. Nd2 Nf4 20. Nc4 Rfb8
21. Qa6 Nxd5 22. Nxd6 cxd6 23. Bg5 Rb6 24. Qc4 Nb4 25. Qxd4 Nc2 26. Qe4 Rc8 27.
Qg4 Rbc6 28. Rd1 Rc4 29. Qd7 Nb4 30. Qxa7 Nc6 31. Qd7 Ne5 32. Qxd6 f6 33. Qe6+
Nf7 34. Rd7 R4c7 {Black resigns} 1-0

[Event "Team 45 45 League T34"]
[Site "Internet Chess Club"]
[Date "2007.07.28"]
[Round "2"]
[White "Guinness"]
[Black "alegro"]
[Result "1-0"]
[WhiteElo "2267"]
[BlackElo "2209"]
[Opening "French: King's Indian attack"]
[ECO "C00"]
[Time "22:07:56"]
[TimeControl "2700+45"]

1. e4 e6 2. d3 c5 3. Nf3 Nc6 4. Nbd2 d6 5. g3 Nf6 6. Bg2 Be7 7. O-O Qc7 8. c3 b5
9. a4 b4 10. Nc4 Ba6 11. e5 dxe5 12. Nfxe5 Nd5 13. Nxc6 Qxc6 14. Re1 Rd8 15. Ne3
Qc7 16. Bxd5 exd5 17. Nf5 Rd7 18. Bg5 f6 19. Nxg7+ Kf7 20. Qh5+ Kg8 21. Bh6 Qc8
22. Rxe7 Rxe7 23. Qxd5+ Rf7 24. Nh5 {Black resigns} 1-0

[Event "Team 45 45 League T34"]
[Site "Internet Chess Club"]
[Date "2007.07.31"]
[Round "2"]
[White "tini3blas"]
[Black "LeSacAttack"]
[Result "1/2-1/2"]
[WhiteElo "2100"]
[BlackElo "2211"]
[Opening "Polish (Sokolsky) opening"]
[ECO "A00"]
[Time "06:57:32"]
[TimeControl "2700+45"]

1. b4 e5 2. Bb2 Bxb4 3. Bxe5 Nf6 4. Nc3 Nc6 5. Bxf6 Qxf6 6. Nd5 Qe5 7. c4 Ba5 8.
Nf3 Qe4 9. e3 O-O 10. Be2 d6 11. O-O Re8 12. Rb1 Rb8 13. d4 Bf5 14. Rb3 Qc2 15.
Bd3 Bxd3 16. Qxd3 Qxd3 17. Rxd3 b5 18. cxb5 Rxb5 19. Nxc7 Bxc7 20. Rc3 Nxd4 21.
Nxd4 Rc5 22. Rfc1 Bb6 23. Nb3 Rxc3 24. Rxc3 f5 25. Kf1 Kf7 26. a4 Re5 27. Rc6
Ke7 28. Rc8 {Game drawn by mutual agreement} 1/2-1/2

[Event "Team 45 45 League T34"]
[Site "Internet Chess Club"]
[Date "2007.07.28"]
[Round "2"]
[White "izit"]
[Black "Capamuerte"]
[Result "0-1"]
[WhiteElo "2098"]
[BlackElo "1939"]
[Opening "Evans gambit"]
[ECO "C51"]
[Time "16:11:38"]
[TimeControl "2700+45"]

1. e4 e5 2. Nf3 Nc6 3. Bc4 Bc5 4. b4 Bxb4 5. c3 Bc5 6. d4 Bd6 7. O-O h6 8. dxe5
Bxe5 9. Bxf7+ Kxf7 10. Nxe5+ Nxe5 11. Qd5+ Kf6 12. f4 Nc6 13. g4 d6 14. e5+ Ke7
15. exd6+ cxd6 16. Ba3 Qb6+ 17. Kh1 Nf6 18. Re1+ Kd8 19. Qxd6+ Bd7 20. Bc5 Qc7
21. Qd2 b6 22. Bd6 Qb7 23. Kg1 Ne8 24. Na3 Nxd6 25. Qxd6 Qc7 26. Qd2 a6 27. Nc4
Na5 28. Ne5 Kc8 29. Rad1 Ba4 30. Rb1 Qc5+ 31. Kg2 Bc6+ 32. Kg3 Rd8 33. Qc2 Kb7
34. Rb4 Rac8 35. Reb1 Qe3+ 36. Kh4 g5+ 37. Kh5 Qh3+ 38. Kg6 Rg8+ 39. Kf6 Rcf8+
40. Nf7 b5 41. f5 Qg2 42. Qxg2 Bxg2 43. c4 Nxc4 44. Ke7 Re8+ 45. Kf6 Bd5 46.
Nxh6 Ref8+ 47. Ke7 Rh8 48. Rd1 Nb6 49. Rbd4 Nc8+ 50. Kd7 Rd8# {White checkmated}
0-1

[Event "Team 45 45 League T34"]
[Site "Internet Chess Club"]
[Date "2007.07.29"]
[Round "2"]
[White "RedAttack"]
[Black "JimGrange"]
[Result "1-0"]
[WhiteElo "1877"]
[BlackElo "1937"]
[Opening "Queen's pawn game"]
[ECO "A46"]
[Time "13:01:56"]
[TimeControl "2700+45"]

1. d4 Nf6 2. Nf3 e6 3. g3 b6 4. Bg2 Bb7 5. O-O Be7 6. Nc3 O-O 7. Qd3 d5 8. Re1
Nbd7 9. Bf4 c5 10. Nb5 cxd4 11. Nbxd4 Nc5 12. Qd1 Rc8 13. c3 Bd6 14. Qc1 Qe7 15.
Bxd6 Qxd6 16. Qg5 Nce4 17. Qe5 Rfd8 18. Rad1 Qe7 19. Qf4 Nh5 20. Qe3 Nhf6 21.
Ne5 h6 22. Qd3 Qe8 23. a3 Nd6 24. Qf3 Nde4 25. Qf4 Qe7 26. Qh4 Qc5 27. Bh3 a6
28. Nxf7 Re8 29. Ne5 Ng5 30. f4 Nxh3+ 31. Qxh3 Ne4 32. e3 Qe7 33. Qh5 a5 34. g4
Ba6 35. g5 hxg5 36. Ng6 Qf6 37. Nf3 e5 38. Rxd5 exf4 39. Rd7 {Black resigns} 1-0

[Event "Team 45 45 League T34"]
[Site "Internet Chess Club"]
[Date "2007.07.28"]
[Round "2"]
[White "dinamite"]
[Black "Yarosavich"]
[Result "1-0"]
[WhiteElo "2308"]
[BlackElo "2292"]
[Opening "Ruy Lopez: closed, Flohr-Zaitsev system (Lenzerheide variation)"]
[ECO "C92"]
[Time "22:00:40"]
[TimeControl "2700+45"]

1. e4 e5 2. Nf3 Nc6 3. Bb5 a6 4. Ba4 Nf6 5. O-O Be7 6. Re1 b5 7. Bb3 d6 8. c3
O-O 9. h3 Bb7 10. d4 Re8 11. Ng5 Rf8 12. Nf3 h6 13. a4 Re8 14. Nbd2 Bf8 15. Bc2
d5 16. exd5 Qxd5 17. Ne4 Qd8 18. axb5 axb5 19. Rxa8 Bxa8 20. Qd3 Nxe4 21. Qxe4
g6 22. Qe2 Bg7 23. Bf4 Qd5 24. Be4 Qb3 25. dxe5 b4 26. c4 Na5 27. Bxa8 Rxa8 28.
Ra1 c5 29. Be3 Bf8 30. e6 fxe6 31. Bf4 Ra6 32. Rxa5 Rxa5 33. Qxe6+ Kh8 34. Be5+
Bg7 35. Qe8+ Kh7 36. Qf7 {Black resigns} 1-0

[Event "Team 45 45 League T34"]
[Site "Internet Chess Club"]
[Date "2007.07.27"]
[Round "2"]
[White "JustinSane"]
[Black "trevor21"]
[Result "1/2-1/2"]
[WhiteElo "2245"]
[BlackElo "2178"]
[Opening "Queen's pawn"]
[ECO "A40"]
[Time "19:55:06"]
[TimeControl "2700+45"]

1. d4 e6 2. Bf4 d5 3. e3 Bd6 4. Bxd6 Qxd6 5. Qg4 g6 6. Nd2 Nc6 7. c3 Nge7 8. Bb5
Bd7 9. Ngf3 O-O-O 10. Qf4 Qxf4 11. exf4 f6 12. O-O-O Nb8 13. Bxd7+ Kxd7 14. h4
{Game drawn by mutual agreement} 1/2-1/2

[Event "Team 45 45 League T34"]
[Site "Internet Chess Club"]
[Date "2007.07.26"]
[Round "2"]
[White "Gil-galad"]
[Black "SuperMathBoy"]
[Result "0-1"]
[WhiteElo "2067"]
[BlackElo "2060"]
[Opening "King's Indian: orthodox, Aronin-Taimanov, bayonet attack"]
[ECO "E97"]
[Time "15:01:55"]
[TimeControl "2700+45"]

1. d4 Nf6 2. c4 g6 3. Nc3 Bg7 4. e4 d6 5. Be2 O-O 6. Nf3 e5 7. O-O Nc6 8. d5 Ne7
9. b4 Nh5 10. Re1 f5 11. Ng5 Nf6 12. f3 c6 13. Be3 Bh6 14. h4 f4 15. Bf2 cxd5
16. cxd5 Nh5 17. Ne6 Bxe6 18. dxe6 Ng3 19. Nb5 Nc8 20. Qd5 Kh8 21. Qxb7 Qxh4 22.
Bc5 Bg5 23. Qxa8 dxc5 24. Bc4 Rd8 25. Bd5 Qh1+ 26. Kf2 Nxe4+ 27. fxe4 Bh4+ 28.
Ke2 Qxg2+ 29. Kd3 Nb6 {White resigns} 0-1

[Event "Team 45 45 League T34"]
[Site "Internet Chess Club"]
[Date "2007.07.27"]
[Round "2"]
[White "pchak87"]
[Black "f5"]
[Result "0-1"]
[WhiteElo "2251"]
[BlackElo "2268"]
[Opening "Sicilian defense"]
[ECO "B20"]
[Time "12:01:56"]
[TimeControl "2700+45"]

1. e4 c5 2. b3 Nc6 3. Bb2 e5 4. Nc3 Nf6 5. Bc4 d6 6. Nge2 Be7 7. O-O O-O 8. d3
a6 9. a4 b6 10. h3 Rb8 11. f4 Nd4 12. Nxd4 cxd4 13. Nd5 Nxd5 14. Bxd5 Bb7 15.
Bc4 Qd7 16. b4 Bf6 17. Qf3 Kh8 18. Rf2 Qe7 19. b5 a5 20. Raf1 exf4 21. Bc1 Be5
22. Bxf4 f5 23. Qg3 fxe4 24. dxe4 Rxf4 25. Rxf4 g5 26. Rf7 Qxf7 27. Qxe5+ dxe5
28. Rxf7 Bxe4 29. Bb3 Bg6 30. Re7 e4 31. Rd7 e3 32. Rxd4 Re8 33. Kf1 Be4 34. g3
Bg2+ 35. Ke1 Bxh3 36. Bd5 Bf5 37. Bc6 Re5 38. c4 Kg7 39. g4 Be6 40. Ke2 Kf6 41.
Bf3 Ke7 42. Kd3 Bf7 43. Be4 Rc5 44. Kxe3 Rxc4 45. Bxh7 Rxd4 46. Kxd4 Kd6 47. Bc2
Be6 48. Bd1 Bd5 49. Kc3 Kc5 50. Be2 Be4 51. Bc4 Bf3 52. Be6 Bd1 {White resigns}
0-1

[Event "Team 45 45 League T34"]
[Site "Internet Chess Club"]
[Date "2007.07.26"]
[Round "2"]
[White "gyoung"]
[Black "kingcapture"]
[Result "1-0"]
[WhiteElo "2219"]
[BlackElo "2264"]
[Opening "Sicilian: dragon, Yugoslav attack, 9...Bd7"]
[ECO "B77"]
[Time "12:02:43"]
[TimeControl "2700+45"]

1. e4 c5 2. Nf3 d6 3. d4 cxd4 4. Nxd4 Nf6 5. Nc3 g6 6. Be3 Bg7 7. f3 O-O 8. Qd2
Nc6 9. Bc4 Bd7 10. Bb3 Rc8 11. O-O-O Ne5 12. h4 h5 13. Bg5 Rc5 14. g4 hxg4 15.
f4 Nc4 16. Qe2 b5 17. h5 Nxh5 18. Nd5 Re8 19. f5 f6 20. fxg6 e6 21. Qxg4 exd5
22. Qxh5 dxe4 23. Qh7+ Kf8 24. Bh6 Qe7 25. Qh8# {Black checkmated} 1-0

[Event "Team 45 45 League T34"]
[Site "Internet Chess Club"]
[Date "2007.07.29"]
[Round "2"]
[White "HocusPocus"]
[Black "Zkid"]
[Result "1/2-1/2"]
[WhiteElo "2146"]
[BlackElo "2046"]
[Opening "Sicilian: Grand Prix attack"]
[ECO "B23"]
[Time "07:46:40"]
[TimeControl "2700+45"]

1. e4 c5 2. Nc3 Nc6 3. f4 g6 4. Nf3 Bg7 5. Bb5 Nd4 6. O-O Nxb5 7. Nxb5 d5 8.
exd5 a6 9. Nc3 Nf6 10. d4 c4 11. Qe2 b5 12. Ne4 Nxe4 13. Qxe4 Bf5 14. Qe2 Qxd5
15. Be3 O-O 16. Qd2 Rfd8 17. c3 Rd6 18. a3 Rad8 19. Rae1 f6 20. Qc1 Bd3 21. Rf2
Re6 22. Nd2 a5 23. Rf3 Rb8 24. Bf2 b4 25. axb4 axb4 26. Rxe6 Qxe6 27. Re3 Qd6
28. Ne4 Qxf4 29. Bg3 bxc3 30. Nxc3 Qxd4 31. Bxb8 Bh6 32. Nd1 Be2 33. Kh1 Bxd1
34. Re4 Bxc1 35. Rxd4 Bb3 36. Re4 Bxb2 37. Rxe7 c3 38. Bf4 c2 39. Rc7 Kf8 40.
Rb7 c1=Q+ 41. Bxc1 Bxc1 42. Rxb3 Kg7 43. Kg1 g5 44. Kf1 Kg6 45. Ke2 Bf4 46. h3
h5 47. Kf3 Be5 48. Rb6 Kf5 49. g4+ Kg6 50. Ke4 hxg4 51. hxg4 Bc7 52. Rc6 Be5 53.
Kd5 Kf7 54. Rb6 Bc3 55. Rb7+ Kg6 56. Ke6 Bd4 57. Rb8 Kg7 58. Kf5 Kh6 59. Ke6 Kg7
60. Rb7+ Kg6 61. Rf7 Bc3 62. Rb7 Bd4 63. Rd7 Bc3 64. Rc7 Bd4 65. Ke7 Bb2 66. Kf8
f5 {Game drawn by mutual agreement} 1/2-1/2

[Event "Team 45 45 League T34"]
[Site "Internet Chess Club"]
[Date "2007.07.28"]
[Round "2"]
[White "martineden"]
[Black "jonesey"]
[Result "1-0"]
[WhiteElo "1989"]
[BlackElo "1949"]
[Opening "King's Indian, 3.Nf3"]
[ECO "E60"]
[Time "10:38:14"]
[TimeControl "2700+45"]

1. d4 Nf6 2. c4 g6 3. Nf3 Bg7 4. g3 d5 5. Nc3 O-O 6. Bg2 dxc4 7. e4 Nc6 8. O-O
Bg4 9. Be3 Rb8 10. Qd2 b5 11. h3 Bc8 12. e5 Nd5 13. Nxd5 Qxd5 14. Ng5 Qd7 15. f4
f5 16. d5 Nd8 17. Bxa7 Ra8 18. Bc5 h6 19. Nf3 Nb7 20. Bb4 Rd8 21. Nd4 Ra4 22.
Nc6 Qxc6 23. dxc6 Rxd2 24. Bxd2 Nc5 25. b3 Ra8 26. bxc4 bxc4 27. Bd5+ Be6 28.
Bxe6+ Nxe6 29. Bb4 Ra6 30. Rac1 Rxa2 31. Rxc4 Kf7 32. Rd1 Bf8 33. Rd2 Ra1+ 34.
Kf2 g5 35. Rd7 Ra2+ 36. Kf3 Rh2 37. Ba5 gxf4 38. gxf4 Rxh3+ 39. Kg2 Rh4 40. Bxc7
Nxf4+ 41. Kf3 Rh3+ 42. Kxf4 Rh4+ 43. Kxf5 Rxc4 44. e6+ Kg7 45. Be5+ {Black
resigns} 1-0